 Dungeon Crawl Stone Soup version 0.31.0-1-g2c135a0 (webtiles) character file.

Game seed: 11407064519131596342

30366 brinewave the Severer (level 13, -2/124 HPs)
             Began as a Minotaur Berserker on Feb 3, 2024.
             Was a High Priest of Trog.
             Slain by a torpor snail (7 damage)
             ... on level 5 of the Lair of Beasts.
             The game lasted 00:41:31 (12019 turns).

brinewave the Severer (Minotaur Berserker)         Turns: 12019, Time: 00:41:31

Health: -2/124     AC:  6    Str: 27    XL:     13   Next: 20%
Magic:  12/12      EV: 10    Int:  4    God:    Trog [*****.]
Gold:   819        SH:  0    Dex: 10    Spells: 12/12 levels left

rFire   + . .        a - +2 battleaxe
rCold   . . .        (shield currently unavailable)
rNeg    + . .        T - +2 chain mail {rF+}
rPois   +            (helmet restricted)
rElec   .            (no cloak)
rCorr   .            o - +2 pair of gloves
SInv    .            (no boots)
Will    .....        u - amulet of regeneration Stlth
                     U - ring of positive energy
HPRegen 1.20/turn    Q - ring of poison resistance
MPRegen 0.13/turn

%: no passive effects
@: corroded, slowed, very slow
A: horns 2, retaliatory headbutt
a: Renounce Religion, Berserk, Trog's Hand, Brothers in Arms


You were on level 5 of the Lair of Beasts.
You worshipped Trog.
Trog was extremely pleased with you.
You visited 3 branches of the dungeon, and saw 16 of its levels.
You also visited: Bailey and Volcano.

You collected 955 gold pieces.
You spent 136 gold pieces at shops.

Inventory:

Hand Weapons
 a - a +2 battleaxe (weapon)
 s - the +10 rapier of the Modern Princes {freeze, rElec rPois MP+9 Int+3}
   (You found it on level 1 of the Lair of Beasts)

   Int+3:     It affects your intelligence (+3).
   rElec:     It insulates you from electricity.
   rPois:     It protects you from poison MP+9: It affects your magic capacity
   (+9).
 A - the +4 dagger of Subjectivity {spect, rF+ rN+ Int+2 Stlth-}
   (You found it on level 6 of the Dungeon)

   Int+2:     It affects your intelligence (+2).
   rF+:       It protects you from fire.
   rN+:       It protects you from negative energy.
   Stlth-:    It makes you less stealthy.
 D - a +3 halberd of freezing
 M - a +5 broad axe
Missiles
 y - a throwing net
 C - 29 poisoned darts
 H - 31 javelins
 L - 7 boomerangs
 R - 5 silver javelins
Armour
 o - a +2 pair of gloves (worn)
 F - a +0 robe of willpower
 I - a +2 scale mail of willpower
 P - a +0 ring mail of poison resistance
 T - a +2 chain mail of fire resistance (worn)
Jewellery
 u - an amulet of regeneration (around neck)
 z - a +4 ring of protection
 Q - a ring of poison resistance (right hand)
 U - a ring of positive energy (left hand)
Wands
 k - a wand of acid (3)
 l - a wand of flame (15)
 p - a wand of polymorph (5)
 G - a wand of iceblast (10)
 O - a wand of charming (11)
 W - a wand of mindburst (6)
Scrolls
 f - 7 scrolls of teleportation
 g - 2 scrolls of fog
 n - a scroll of brand weapon {unknown}
 q - 6 scrolls of enchant armour
 r - 3 scrolls of immolation
 v - a scroll of torment {unknown}
 w - 2 scrolls of fear
 E - a scroll of vulnerability {unknown}
 K - a scroll of revelation
 N - 2 scrolls of poison
 V - a scroll of summoning {unknown}
Potions
 b - 3 potions of haste
 c - 3 potions of might
 e - 6 potions of curing
 h - a potion of magic {unknown}
 i - 6 potions of heal wounds
 j - a potion of brilliance {unknown}
 m - 2 potions of lignification
 t - 2 potions of resistance
 x - 3 potions of enlightenment
 B - a potion of ambrosia
 J - a potion of invisibility {unknown}
 S - a potion of mutation


   Skills:
 + Level 14.0 Fighting
 * Level 18.9 Axes
 + Level 13.7 Armour
 - Level 2.1 Dodging


You had 12 spell levels left.
You didn't know any spells.
Your spell library was empty.

Dungeon Overview and Level Annotations

Branches:
Dungeon (10/15)            Temple (1/1) D:4            Lair (4/5) D:9
 Shoals (0/4) Lair:2       Spider (0/4) Lair:3       Bailey (visited)
Volcano (visited)
  Slime: Lair:4-5       Orc: D:9-12

Altars:
Ashenzari
Cheibriados
Dithmenos
Elyvilon
Fedhas
Gozag
Hepliaklqana
Kikubaaqudgha
Makhleb
Nemelex Xobeh
Okawaru
Qazlal
Ru
Sif Muna
Trog
Uskayaw
Vehumet
Wu Jian
Xom
Yredelemnul
Zin
The Shining One

Shops:
D:8 :   D:10 [:?(


Innate Abilities, Weirdness & Mutations

You have a pair of horns on your head.
You reflexively headbutt those who attack you in melee.


Message History

You hit the oklob plant but do no damage.
You headbutt the oklob plant, but do no damage.
You hit the torpor snail. You slice the oklob plant!!
You headbutt the oklob plant, but do no damage.
The oklob plant is moderately damaged.
You slice the torpor snail!! The torpor snail bites you!
You hit the oklob plant. You headbutt the oklob plant.
The oklob plant is heavily damaged.
You hit the torpor snail but do no damage.
The torpor snail bites you.
You slice the oklob plant!!
The oklob plant is almost destroyed.
You hit the torpor snail. The torpor snail bites you!
You hit the oklob plant.
You destroy the oklob plant!
Trog accepts your kill.
You hit the torpor snail but do no damage.
The torpor snail bites you but does no damage.
You hit the torpor snail but do no damage.
You headbutt the torpor snail!
The torpor snail is heavily wounded.
You slash the torpor snail! You headbutt the torpor snail.
The torpor snail is severely wounded.
The torpor snail bites you!
* * * LOW HITPOINT WARNING * * *
You hit the torpor snail but do no damage.
You headbutt the torpor snail, but do no damage.
The torpor snail is severely wounded.
The torpor snail bites you!
* * * LOW HITPOINT WARNING * * *
You hit the torpor snail but do no damage.
You headbutt the torpor snail, but do no damage.
The torpor snail is severely wounded.
The torpor snail bites you!!
* * * LOW HITPOINT WARNING * * *
You hit the torpor snail but do no damage.
The torpor snail is severely wounded.
The torpor snail bites you!
You die...

#
##...........♣
##..........♣
#...........♣♣
#P............
#.............
##.............
#.............♣
###...........♣
#.....@......♣
#....w.......♣
P#
#..#....#.P.#♣
..
###..........♣
..#
#.#...#...♣♣
..# P.........♣
..P #.......
.♣♣ ..
##........♣ .


You could see a torpor snail.

Vanquished Creatures
  Fannar (Lair:2)
  A hydra (Lair:5)
  A dancing weapon (Volcano)
  2 boulder beetles
  6 death yaks (Lair:5)
  An occultist (Volcano)
  A skyshark (Lair:2)
  An orc sorcerer (Volcano)
  A manticore (Lair:2)
  An oklob plant (Lair:5)
  5 toenail golems (Volcano)
  A torpor snail (Lair:5)
  4 cane toads
  A rime drake (Lair:4)
  5 komodo dragons
  2 trolls
  3 polar bears
  A hornet (D:8)
  Prince Ribbit (D:5)
  A wind drake (Lair:2)
  4 dream sheep (Lair:5)
  4 blink frogs (Lair:2)
  A jumping spider (Lair:3)
  Sigmund (D:3)
  24 yaks
  A vampire (D:10)
  5 humans (Volcano)
  3 wyverns
  A redback (Lair:3)
  2 steam dragons
  The ghost of jagoly the Trooper, an amateur GrMo (D:5)
  12 water moccasins
  A meliai simulacrum (D:10)
  3 ice beasts (D:10)
  10 orc warriors
  2 black bears (D:7)
  15 wolves
  16 centaurs
  11 bullfrogs
  3 kobold brigands (D:10)
  Blork the orc (D:4)
  A gnoll sergeant (D:8)
  4 scorpions
  4 wights (D:8)
  3 killer bees (D:8)
  3 electric eels
  2 howler monkeys (D:10)
  A bullfrog zombie (D:5)
  2 orc priests (D:8)
  2 jellies
  3 bombardier beetles
  A bullfrog skeleton (D:5)
  2 gnoll boudas
  Natasha (twice) (D:2)
  2 iguanas
  4 orc wizards
  2 hell rats (Lair:2)
  13 gnolls
  10 river rats (Lair:2)
  7 adders
  2 white imps
  5 ufetubi (D:10)
  A dart slug (D:1)
  A ribbon worm (D:2)
  25 orcs
  7 ball pythons
  4 endoplasms
  3 giant cockroaches
  8 goblins
  6 hobgoblins
  6 jackals
  4 quokkas
  7 bats
  5 frilled lizards
  19 kobolds
  10 rats
342 creatures vanquished.

Vanquished Creatures (others)
  An occultist (Volcano)
  A howler monkey (D:10)
  An orc (Bailey)
3 creatures vanquished.

Grand Total: 345 creatures vanquished

Notes
Turn   | Place    | Note
-------+----------+-------------------------------------------
     0 | D:1      | brinewave the Minotaur Berserker began the quest for the
                  | Orb.
     0 | D:1      | Reached XP level 1. HP: 19/19 MP: 0/0
    87 | D:1      | Reached skill level 4 in Axes
    91 | D:1      | Reached XP level 2. HP: 23/27 MP: 1/1
   717 | D:1      | Found a faded altar of an unknown god.
  1046 | D:2      | Reached XP level 3. HP: 29/33 MP: 2/2
  1143 | D:2      | Noticed Natasha
  1149 | D:2      | Killed Natasha
  1313 | D:2      | Noticed Natasha
  1318 | D:2      | Killed Natasha
  1319 | D:2      | Reached skill level 5 in Axes
  1319 | D:2      | Reached XP level 4. HP: 39/41 MP: 3/3
  1410 | D:2      | Reached ** piety under Trog
  1931 | D:3      | Found a glowing golden altar of the Shining One.
  1981 | D:3      | Identified the +3 mace of Laonn {flame, *Corrode rC+ Int+2
                  | Dex+5}
  2085 | D:3      | Noticed Sigmund
  2101 | D:3      | Killed Sigmund
  2102 | D:3      | Reached skill level 5 in Fighting
  2102 | D:3      | Reached skill level 6 in Axes
  2102 | D:3      | Reached XP level 5. HP: 33/48 MP: 4/4
  2102 | D:3      | Reached XP level 6. HP: 39/56 MP: 5/5
  2243 | D:4      | Noticed Blork the orc
  2267 | D:4      | Killed Blork the orc
  2381 | D:4      | Reached skill level 7 in Axes
  2429 | D:4      | Reached skill level 5 in Armour
  2429 | D:4      | Reached XP level 7. HP: 52/62 MP: 6/6
  2432 | D:4      | Reached *** piety under Trog
  2470 | D:4      | Found a staircase to the Ecumenical Temple.
  2500 | Temple   | Entered the Ecumenical Temple
  3038 | D:5      | Entered Level 5 of the Dungeon
  3194 | D:5      | Noticed Prince Ribbit
  3207 | D:5      | Killed Prince Ribbit
  3208 | D:5      | Reached skill level 8 in Axes
  3290 | D:5      | Found a runed translucent gate.
  3292 | D:5      | Found a runed translucent gate.
  3293 | D:5      | Found a runed translucent gate.
  3295 | D:5      | Noticed jagoly's ghost (amateur GrMo)
  3317 | D:5      | Reached XP level 8. HP: 71/71 MP: 7/7
  3323 | D:5      | Killed jagoly's ghost
  3324 | D:5      | Reached skill level 9 in Axes
  3811 | D:6      | Reached **** piety under Trog
  3812 | D:6      | Reached skill level 10 in Axes
  4013 | D:6      | Identified the +4 dagger of Subjectivity {spect, rF+ rN+
                  | Int+2 Stlth-}
  4052 | D:6      | Found an opulent altar of Gozag.
  4105 | D:6      | Found a glowing silver altar of Zin.
  4389 | D:6      | Reached XP level 9. HP: 81/81 MP: 8/8
  5129 | D:7      | Found an ornate altar of the Wu Jian Council.
  5163 | D:7      | Reached skill level 11 in Axes
  5274 | D:8      | Found an iron altar of Okawaru.
  5517 | D:8      | Found a flagged portal.
  5549 | Bailey   | Entered a bailey
  5558 | Bailey   | Reached skill level 12 in Axes
  5775 | Bailey   | Reached ***** piety under Trog
  5776 | Bailey   | Reached XP level 10. HP: 67/91 MP: 9/9
  5895 | Bailey   | Reached skill level 13 in Axes
  6327 | D:8      | Found Okol's Book Emporium.
  6807 | D:9      | Found a staircase to the Lair.
  6865 | D:9      | Reached skill level 10 in Fighting
  7415 | D:10     | Entered Level 10 of the Dungeon
  7417 | D:10     | Found a sparkling altar of Nemelex Xobeh.
  7572 | D:10     | Reached skill level 10 in Armour
  7691 | D:10     | Reached skill level 14 in Axes
  7878 | D:10     | Found Otest's Magic Scroll Boutique.
  7881 | D:10     | Found Sousues's Armour Boutique.
  7882 | D:10     | Found Kureoq's Book Boutique.
  7885 | D:10     | Found Rimor's Weapon Boutique.
  7918 | D:10     | Bought a scroll of immolation for 68 gold pieces
  7918 | D:10     | Bought a scroll of poison for 68 gold pieces
  8281 | D:10     | Reached XP level 11. HP: 99/101 MP: 10/10
  8430 | Lair:1   | Entered Level 1 of the Lair of Beasts
  8515 | Lair:1   | Noticed a boulder beetle
  8529 | Lair:1   | Killed a boulder beetle
  8536 | Lair:1   | Found a dark tunnel.
  8557 | Lair:1   | Reached skill level 15 in Axes
  8674 | Volcano  | Entered a volcano
  8735 | Volcano  | Noticed an orc sorcerer
  8750 | Volcano  | Killed an orc sorcerer
  8781 | Volcano  | Noticed an occultist
  8800 | Volcano  | Killed an occultist
  8881 | Volcano  | Reached skill level 16 in Axes
  8884 | Volcano  | Noticed an occultist
  8884 | Volcano  | Noticed a +2 mace of flaming
  8892 | Volcano  | Killed an occultist
  8893 | Volcano  | Killed a +2 mace of flaming
  9208 | Lair:1   | Reached XP level 12. HP: 104/112 MP: 11/11
  9255 | Lair:1   | Identified the +10 rapier of the Modern Princes {freeze,
                  | rElec rPois MP+9 Int+3}
  9952 | Lair:2   | Found a staircase to the Shoals.
 10035 | Lair:2   | Reached skill level 17 in Axes
 10054 | Lair:2   | Received a gift from Trog
 10336 | Lair:2   | Noticed Fannar
 10360 | Lair:2   | Killed Fannar
 10995 | Lair:3   | Found a hide-covered altar of Uskayaw.
 10995 | Lair:3   | Found an ornate altar of the Wu Jian Council.
 10995 | Lair:3   | Noticed a boulder beetle
 11028 | Lair:3   | Killed a boulder beetle
 11029 | Lair:3   | Reached skill level 18 in Axes
 11274 | Lair:3   | Found a hole to the Spider Nest.
 11578 | Lair:4   | You fall into a shaft and drop 1 floor!
 11578 | Lair:5   | Entered Level 5 of the Lair of Beasts
 11640 | Lair:5   | Noticed a death yak
 11640 | Lair:5   | Noticed a death yak
 11647 | Lair:5   | Noticed a death yak
 11649 | Lair:5   | Noticed a death yak
 11649 | Lair:5   | Noticed a death yak
 11659 | Lair:5   | Noticed a death yak
 11662 | Lair:5   | Killed a death yak
 11672 | Lair:5   | Killed a death yak
 11678 | Lair:5   | Killed a death yak
 11687 | Lair:5   | Killed a death yak
 11688 | Lair:5   | Reached XP level 13. HP: 73/123 MP: 12/12
 12018 | Lair:5   | HP: 4/124 [torpor snail (19)]
 12019 | Lair:5   | Slain by a torpor snail

Illustrated notes

Levels and vault maps discovered:
D:1:      evilmike_arrival_grusome_pit, layout_loops_ring,
          dreamdust_ecumenical_altar_hidden_monk_grotto, minivault_14,
          minmay_cut_off
D:2:      layout_loops_ring, minmay_pentomino_p4, uniq_natasha
D:3:      layout_rooms, tso_metal_star, uniq_sigmund
D:4:      layout_loops_ring, minmay_temple_entry_butterflies, uniq_blork_the_orc
D:5:      layout_gridville, gammafunk_ghost_necromancy, nrook_mini_backslash,
          uniq_prince_ribbit1
D:6:      kennysheep_six_static_rooms, layout_basic, nicolae_gozag_seed_capital,
          zin_academy
D:7:      layout_cave_pools, nzn_wu_jian_contemplation
D:8:      layout_cave_pods, okawaru_ov_weapons_minmay, enter_bailey_5,
          serial_shops, nicolae_shop_tiny_statue_garden
D:9:      layout_basic, lair_entry_dummy
D:10:     layout_basic, old_standard_altar, serial_ice, serial_ice_f,
          serial_ice_k, serial_ice_d, serial_ice_e, serial_ice_m, serial_ice_o,
          serial_ice_n, serial_ice_g, serial_ice_h, serial_ice_c,
          minmay_shop_grid_forest
Temple:   minmay_temple_bridge_d
Lair:1:   layout_concentric_octagons, nicolae_volcano_entry_two_sided,
          infiniplex_staircase_pool_2, serial_bayou_shore_b
Lair:2:   layout_roguey, minmay_shoals_entry_beasts, kennysheep_rathole,
          uniq_fannar
Lair:3:   layout_hall_layers, spider_nest_entry_a,
          nzn_masters_of_martial_movement, serial_bayou_shore_b
Lair:4:   layout_long_grid
Lair:5:   hellmonk_lair_end_abyssal_woods, layout_gridlike,
          dpeg_slime_entry_corner, serial_bayou_shore_a

Skill      XL: |  1  2  3  4  5  6  7  8  9 10 11 12 13 |
---------------+----------------------------------------+-----
Axes           | 4 5 6 7 8 10 12 14 16 18 | 18.9
Fighting       | 4 5 6 7 9 10 12 13 14 | 14.0
Armour         | 3 4 5 6 7 9 10 12 13 | 13.7
Dodging        | |  2.1

Action                     |  1- 3 |  4- 6 |  7- 9 | 10-12 | 13-15 || total
---------------------------+-------+-------+-------+-------+-------++-------
  Melee: Hand axe          |    65 |    73 |       |       |       ||   138
         Headbutt          |     6 |     8 |    41 |    98 |    21 ||   174
         Battleaxe         |       |    10 |   228 |   506 |    52 ||   796
         Halberd           |       |       |    45 |    20 |       ||    65
         Dagger            |       |       |       |    19 |       ||    19
         Rapier            |       |       |       |       |    10 ||    10
  Throw: Stone             |     1 |     2 |       |       |       ||     3
         Dart              |       |       |       |     1 |       ||     1
         Throwing net      |       |       |       |     1 |       ||     1
         Boomerang         |       |       |       |     1 |       ||     1
 Invoke: Berserk           |       |       |     2 |       |       ||     2
         Trog's Hand       |       |       |       |     1 |       ||     1
  Evoke: Wand              |       |     4 |       |       |       ||     4
    Use: Scroll            |     2 |     3 |     5 |    10 |       ||    20
         Potion            |       |     1 |       |       |       ||     1
   Stab: Distracted        |       |       |       |     2 |       ||     2
 Armour: Animal skin       |     4 |       |       |       |       ||     4
         Leather armour    |    13 |       |       |       |       ||    13
         Ring mail         |    17 |    57 |    14 |       |       ||    88
         Scale mail        |       |       |   101 |   203 |       ||   304
         Plate armour      |       |       |   288 |   106 |       ||   394
         Robe              |       |       |       |    27 |       ||    27
         Chain mail        |       |       |       |   227 |    75 ||   302
  Dodge: Dodged            |    35 |    44 |   204 |   297 |     9 ||   589
